 Dungeon Crawl Stone Soup version 0.30.0-29-ga12c61a403 (webtiles) character file.

Game seed: 6049592181071306437

193 ChadusMaximus the Shield-Bearer (level 6, 0/49 HPs)
             Began as a Formicid Fighter on June 18, 2023.
             Slain by an orc priest
             ... wielding a +0 hand axe
              (4 damage)
             ... on level 4 of the Dungeon.
             The game lasted 00:02:24 (2118 turns).

ChadusMaximus the Shield-Bearer (Formicid Fighter)  Turns: 2118, Time: 00:02:25

Health: 0/49       AC: 10    Str: 22    XL:     6   Next: 3%
Magic:  6/6        EV:  9    Int:  8    God:
Gold:   228        SH:  6    Dex: 19    Spells: 5/5 levels left

rFire   . . .        a - +0 war axe
rCold   . . .        c - +0 buckler
rNeg    . . .        b - +0 scale mail
rPois   .            (helmet unavailable)
rElec   .            (no cloak)
rCorr   .            l - +2 pair of gloves
SInv    +            (no boots)
Will    .....        (no amulet) Stlth
                     i - +6 ring of dexterity
HPRegen 0.28/turn    (no ring)
MPRegen 0.10/turn

%: no passive effects
@: no status effects
A: permanent stasis, dig shafts and tunnels, antennae 3, four strong arms
a: Dig, Shaft Self


You were on level 4 of the Dungeon.
You visited 1 branch of the dungeon, and saw 4 of its levels.

You collected 228 gold pieces.

Inventory:

Hand Weapons
 a - a +0 war axe (weapon)
Armour
 b - a +0 scale mail (worn)
 c - a +0 buckler (worn)
 h - a +1 pair of gloves
 l - a +2 pair of gloves (worn)
Jewellery
 i - a +6 ring of dexterity (left hand)
Scrolls
 g - 2 scrolls of teleportation
Potions
 d - 2 potions of might
 e - a potion of curing
 f - 2 potions of attraction
 k - a potion of degeneration


   Skills:
 + Level 4.4 Fighting
 + Level 3.2 Axes
 + Level 4.4 Armour
 + Level 5.3 Shields


You had 5 spell levels left.
You didn't know any spells.
Your spell library was empty.

Dungeon Overview and Level Annotations

Branches:
Dungeon (4/15)
 Temple: D:4-7

Altars:
Wu Jian

Shops:
D:3 :


Innate Abilities, Weirdness & Mutations

You cannot be hasted, slowed, berserked, paralysed or teleported.
You can dig through walls and to a lower floor.
You have a pair of large antennae on your head. (SInv)
Your four strong arms can wield two-handed weapons with a shield.


Message History

The orc priest calls down the wrath of Beogh upon you.
Beogh smites you! You block the orc's attack.
You hit the orc.
You kill the orc!
You barely miss the orc priest.
The orc priest hits you but does no damage.
Unknown command.
You barely miss the orc priest.
The orc priest is lightly wounded.
The orc priest hits you with a +0 hand axe.
The orc priest invokes the aid of Beogh against you.
You struggle to resist.
You hit the orc priest.
The orc priest is lightly wounded.
The orc priest casts a cantrip, but nothing happens.
You hit the orc priest but do no damage.
The orc priest is lightly wounded.
The orc priest calls down the wrath of Beogh upon you.
Pain shoots through your body!
Unknown command.
You are too injured to fight recklessly!
You are too injured to fight recklessly!
You are too injured to fight recklessly!
You barely miss the orc priest.
The orc priest is lightly wounded.
You block the orc priest's attack. The orc priest barely misses you.
You barely miss the orc priest.
The orc priest is lightly wounded.
The orc priest closely misses you.
You barely miss the orc priest.
The orc priest is lightly wounded.
The orc priest invokes the aid of Beogh against you.
Pain shoots through your body!
You hit the orc priest.
The orc priest is heavily wounded.
The orc priest calls down the wrath of Beogh upon you.
Beogh smites you!
* * * LOW HITPOINT WARNING * * *
The orc priest hits you with a +0 hand axe.
You die...

##############o..
#............'..o {
#.......o.o..#{..
+.>....{{{...# ..
#............# .
##..##.##..###
########..##.##+## ..
#.....)o...#.. ..
#..†..@)...#... ...
#......)...#.... ...
#..........#.....
....
##...##...##.....#
....########...##+###
..........'.........#
..........#.........#
..........#.........#
..........##...######


You could see an orc priest.

Vanquished Creatures
  A sleepcap (D:4)
  Robin (D:3)
  6 adders
  A white imp (D:3)
  An adder skeleton (D:2)
  2 worms (D:2)
  2 dart slugs (D:1)
  5 orcs (D:4)
  A bat skeleton (D:2)
  A bat zombie (D:2)
  2 endoplasms
  15 goblins
  7 hobgoblins
  10 jackals
  2 quokkas
  4 ball pythons
  A ball python zombie (D:2)
  4 bats
  A frilled lizard (D:3)
  2 kobolds
  A quokka zombie (D:2)
  7 rats
77 creatures vanquished.

Notes
Turn   | Place    | Note
-------+----------+-------------------------------------------
     0 | D:1      | ChadusMaximus the Formicid Fighter began the quest for the
                  | Orb.
     0 | D:1      | Reached XP level 1. HP: 18/18 MP: 1/1
   198 | D:1      | Reached XP level 2. HP: 18/24 MP: 2/2
   252 | D:1      | Found a faded altar of an unknown god.
   304 | D:1      | You fall into a shaft and drop 1 floor!
   383 | D:1      | Reached XP level 3. HP: 29/29 MP: 3/3
   951 | D:2      | Reached XP level 4. HP: 37/37 MP: 4/4
  1354 | D:3      | Noticed Robin
  1361 | D:3      | Reached XP level 5. HP: 42/42 MP: 5/5
  1367 | D:3      | Killed Robin
  1368 | D:3      | Reached skill level 5 in Shields
  1496 | D:3      | Found Foumu's Book Boutique.
  1535 | D:3      | Found an ornate altar of the Wu Jian Council.
  2109 | D:4      | Reached XP level 6. HP: 44/49 MP: 6/6
  2118 | D:4      | Slain by an orc priest

Illustrated notes

Levels and vault maps discovered:
D:1:      denvon_arrival_planthouse, layout_basic, basic_ecumenical_altar
D:2:      layout_loops_cross, serial_undead, serial_undead_f, serial_undead_d,
          serial_undead_b, serial_undead_e, serial_undead_e, serial_undead_a
D:3:      layout_rooms, nzn_wu_jian_contemplation, serial_shops,
          nicolae_square_shop, uniq_robin
D:4:      layout_gridville, mainiacjoe_overflow_brackets, minmay_liquid_box

Skill      XL: |  1  2  3  4  5 |
---------------+----------------+-----
Fighting       | 4 |  4.4
Armour         | 4 |  4.4
Shields        | 5 |  5.3
Axes           | 3 |  3.2

Action                     |  1- 3 |  4- 6 || total
---------------------------+-------+-------++-------
  Melee: War axe           |    81 |   127 ||   208
    Use: Scroll            |       |     4 ||     4
 Armour: Scale mail        |    38 |    57 ||    95
  Dodge: Dodged            |    39 |    60 ||    99
  Block: Buckler           |    24 |    43 ||    67
